 Dungeon Crawl Stone Soup version 0.17-a0-1255-gd996e2d (webtiles) character file.

71 MonkeyBuisness the Shooter (level 4, -2/37 HPs)
             Began as a Centaur Hunter on June 6, 2015.
             Slain by an orc
             ... wielding a +0 war axe
              (10 damage)
             ... on level 3 of the Dungeon.
             The game lasted 00:04:37 (1611 turns).

MonkeyBuisness the Shooter (Centaur Hunter)         Turns: 1611, Time: 00:04:37

Health: -2/37      AC:  7    Str: 15    XL:     4   Next: 5%
Magic:  4/4        EV:  4    Int: 10    God:
Gold:   74         SH:  0    Dex: 10    Spells: 0 memorised, 3 levels left

rFire  . . .     SeeInvis .     a - +1 shortbow
rCold  + . .     Clarity  .     i - +0 chain mail {rC+}
rNeg   . . .     SustAt   .     (no shield)
rPois  .         Gourm    .     (no helmet)
rElec  .         Spirit   .     (no cloak)
rCorr  .         Warding  .     (no gloves)
rMut   .         Stasis   .     (no barding)
MR     .....                    (no amulet)
Stlth  ..........               (no ring)
                                (no ring)

@: very quick, not resistant to hostile enchantments, extremely unstealthy
A: hooves 3, deformed body, speed 2, tough skin 3
a: no special abilities


You were on level 3 of the Dungeon.
You were not hungry.

You visited 1 branch of the dungeon, and saw 3 of its levels.

You collected 74 gold pieces.

Inventory:

Hand weapons
 a - a +1 shortbow (weapon)
 c - a +0 short sword
Missiles
 b - 18 arrows (quivered)
Armour
 d - a +0 leather armour
 i - a +0 chain mail of cold resistance (worn)
   (You found it on level 1 of the Dungeon)
Jewellery
 m - an uncursed ring of wizardry {unknown}
   (You found it on level 2 of the Dungeon)
 r - an uncursed amulet of resist mutation {unknown}
   (You found it on level 3 of the Dungeon)
Scrolls
 h - 3 scrolls of teleportation {unknown}
 k - 3 scrolls of identify {unknown}
 n - 2 scrolls of remove curse {unknown}
 q - 2 scrolls of blinking {unknown}
Potions
 g - a potion of flight {unknown}
 j - a potion of curing {unknown}
 l - a potion of ambrosia {unknown}
 o - a potion of degeneration {unknown}
 p - a potion of lignification {unknown}
 s - a potion of poison {unknown}
 t - 2 potions of resistance {unknown}
Comestibles
 e - 3 bread rations {@e1}
 f - 2 meat rations {@e2}


   Skills:
 + Level 2.4 Fighting
 + Level 5.9 Bows
 + Level 1.0 Armour
 + Level 1.9 Dodging
 - Level 1.1 Stealth


You had 3 spell levels left.
You didn't know any spells.

Dungeon Overview and Level Annotations

Branches:
Dungeon (3/15)

Altars:
Fedhas
Zin


Innate Abilities, Weirdness & Mutations

You have hooves in place of feet.
Armour fits poorly on your strangely shaped body.
You cover ground very quickly.
You have extremely tough skin (AC +3).


Message History

The adder bites you but does no damage. x2
Aim: an adder (severely wounded)
You shoot an arrow. The arrow misses the adder.
The adder bites you but does no damage.
Aim: an adder (severely wounded)
You shoot an arrow. The arrow hits the adder.
The adder completely misses you.
Aim: an adder (almost dead)
You shoot an arrow. The arrow barely misses the adder.
The adder bites you.
You take 1 damage, and have 28/30 hp.
Aim: an adder (almost dead)
You shoot an arrow. The arrow misses the adder.
The adder bites you.
You are poisoned.
The adder poisons you! The adder bites you but does no damage.
You take 1 damage, and have 27/30 hp.
Aim: an adder (almost dead)
You shoot an arrow. The arrow hits the adder.
You kill the adder!
You have reached level 4!
You feel stronger.
You feel sick.
You regained 5 hp, and now have 32/37 hp.
MP restored: 4
b - 27 arrows (gained 4)
You feel sick.
An orc comes into view. It is wielding a war axe.
The orc shouts!
A goblin comes into view.
Aim: an orc, wielding a war axe You shoot an arrow.
The arrow barely misses the orc.
The goblin shouts!
Aim: an orc, wielding a war axe You shoot an arrow.
The arrow barely misses the orc.
An orc comes into view. It is wielding a flail.
Aim: an orc, wielding a war axe You shoot an arrow.
The arrow barely misses the orc.
The orc shouts!
An orc comes into view. It is wielding an enchanted dagger.
Aim: an orc, wielding a war axe You shoot an arrow.
The orc shouts!
The arrow hits the orc.
You feel sick.
You take 1 damage, and have 31/37 hp.
Aim: an orc, wielding a war axe (lightly wounded)
You shoot an arrow. The arrow barely misses the orc.
The arrow hits the orc.
You kill the orc!
Aim: an orc, wielding a war axe (lightly wounded)
You shoot an arrow. The arrow hits the orc.
You feel sick.
Aim: an orc, wielding a war axe (moderately wounded)
You shoot an arrow. The arrow hits the orc.
The orc barely misses you.
Aim: a goblin You shoot an arrow.
The arrow hits the goblin.
The goblin hits you.
You take 1 damage, and have 30/37 hp.
You feel sick.
You are no longer poisoned.
The orc hits you but does no damage.
You take 1 damage, and have 29/37 hp.
Aim: a goblin (almost dead)
You shoot an arrow. The arrow barely misses the goblin.
The goblin barely misses you.
Aim: a goblin (almost dead)
You shoot an arrow. The arrow barely misses the goblin.
The goblin hits you but does no damage. The orc hits you with a war axe!
The orc hits you but does no damage.
You take 8 damage, and have 21/37 hp.
MASSIVE DAMAGE!!
You are too injured to fight recklessly!
You are too injured to fight recklessly!
Your chain mail prevents you from hitting the orc.
Your kick misses the orc.
You clumsily bash the goblin but do no damage.
Your kick misses the goblin. The orc hits you with a flail.
The goblin hits you but does no damage. x2
The orc barely misses you.
You take 1 damage, and have 21/37 hp.
You closely miss the goblin. The goblin barely misses you.
The orc barely misses you.
You closely miss the goblin. The goblin hits you but does no damage.
The orc hits you with a flail! The goblin hits you but does no damage.
You take 7 damage, and have 14/37 hp.
You see here an arrow.
The goblin hits you.
You take 1 damage, and have 14/37 hp.
You see here an arrow.
You see here an arrow.
b - 18 arrows (gained 1)
The orc hits you but does no damage.
You clumsily bash the goblin but do no damage.
Your kick misses the goblin. The goblin barely misses you.
The orc hits you with a war axe. The goblin hits you but does no damage.
The orc hits you with a war axe!
* * * LOW HITPOINT WARNING * * *
You take 7 damage, and have 7/37 hp.
There is a glowing silver altar of Zin here.
You are too injured to fight recklessly!
Things that are here:
a hunting sling; 25 stones Eat which item? (? for menu, Esc to quit)
You continue eating. x2
The orc hits you with a war axe!
You die...

### #.###################
#....................
#.##########......#
###.##########..###.#
............##..###.####
#.......###.............
#.......# #.####.####....
#.......# # ##..@..## ...
#.......###.#...o...#...
#...........#...o...#.+##
#..............._g.......
...#+#####..#.......#..###.
.... ...#.......#......
...##.....##......
#..####.####...##.
#.................


You could see 2 orcs and a goblin.

Vanquished Creatures
  A crimson imp (D:3)
  An adder (D:3)
  A giant gecko (D:3)
  An orc (D:3)
  3 bats
  3 giant cockroaches (D:1)
  6 hobgoblins
  A quokka (D:3)
  A giant newt (D:1)
  5 goblins
  A kobold (D:1)
  2 rats (D:1)
26 creatures vanquished.

Notes
Turn   | Place    | Note
--------------------------------------------------------------
     0 | D:1      | MonkeyBuisness the Centaur Hunter began the quest for the Orb.
     0 | D:1      | Reached XP level 1. HP: 17/17 MP: 1/1
   500 | D:1      | Reached skill level 1 in Stealth
   522 | D:1      | Reached XP level 2. HP: 24/24 MP: 2/2
   848 | D:2      | Found a blossoming altar of Fedhas.
  1365 | D:3      | Reached XP level 3. HP: 26/30 MP: 3/3
  1470 | D:3      | Reached skill level 1 in Armour
  1532 | D:3      | Found a glowing silver altar of Zin.
  1558 | D:3      | Reached XP level 4. HP: 33/37 MP: 4/4
  1599 | D:3      | HP: 7/37 [orc/war axe (7)]
  1611 | D:3      | Slain by an orc

Vault maps used:
D:1:      lightli_arrival_windingriver
D:2:      old_standard_altar, first_bread
D:3:      lemuel_doored_altar, old_standard_altar

Action                   |  1- 3 |  4- 6 || total
-------------------------+-------+-------++-------
Melee: Shortbow          |     3 |     5 ||     8
 Fire: Shortbow          |    96 |    10 ||   106
  Eat: Bread ration      |       |     1 ||     1

Vault maps used:
D:1:      lightli_arrival_windingriver
D:2:      old_standard_altar, first_bread
D:3:      lemuel_doored_altar, old_standard_altar

Table legend:
 A = Turns spent in this place as a percentage of turns spent in the entire game.
 B = Non-inter-level travel turns spent in this place as a percentage of non-inter-level travel turns spent in the entire game.
 C = Inter-level travel turns spent in this place as a percentage of turns spent in this place.
 D = Turns resting spent in this place as a percentage of non-inter-level travel turns spent in this place.
 E = Turns spent auto-exploring this place as a percentage of non-inter-level travel turns spent in this place.
 F = Non-inter-level travel turns spent in this place divided by the number of levels of this place that you've seen.
                   A       B       C       D       E      F
               +-------+-------+-------+-------+-------+----------------------
         Total | 100.0 | 100.0 |   1.2 |   0.0 |  24.4 |  79.3
       Dungeon | 100.0 | 100.0 |   1.2 |   0.0 |  24.4 |  79.3
               +-------+-------+-------+-------+-------+----------------------

Table legend:
 A = Kills in this place as a percentage of kills in entire the game.
 B = Kills by you in this place as a percentage of kills by you in the entire game.
 C = Kills by friends in this place as a percentage of kills by friends in the entire game.
 D = Other kills in this place as a percentage of other kills in the entire game.
 E = Experience gained in this place as a percentage of experience gained in the entire game.
 F = Experience gained in this place divided by the number of levels of this place that you have seen.
                   A       B       C       D       E      F
               +-------+-------+-------+-------+-------+----------------------
         Total | 100.0 | 100.0 |  -nan |  -nan | 100.0 |  34.0
       Dungeon | 100.0 | 100.0 |  -nan |  -nan | 100.0 |  34.0
               +-------+-------+-------+-------+-------+----------------------
